 Dungeon Crawl Stone Soup version 0.21-a0-346-g330ab2c (webtiles) character file.

12744 Amnesiac the Geomancer (level 11, -31/83 HPs)
             Began as a Gnoll Earth Elementalist on Oct 5, 2017.
             Was a Believer of Ashenzari.
             Annihilated by an orc warlord
             ... wielding a +2 dire flail of protection
              (52 damage)
             ... while paralysed by an orc sorcerer
             ... on level 2 of the Orcish Mines.
             The game lasted 00:37:44 (13072 turns).

Amnesiac the Geomancer (Gnoll Earth Elementalist)  Turns: 13072, Time: 00:37:44

Health: -31/83     AC: 18    Str: 18    XL:     11   Next: 98%
Magic:  21/23      EV:  2    Int: 25    God:    Ashenzari [**....]
Gold:   1051       SH:  0    Dex: 20    Spells: 7/26 levels left

rFire    . . .     SeeInvis .   a - +3 dagger
rCold    . . .     Gourm    .   C - +0 buckler
rNeg     . . .     Faith    .   R - +0 leather armour of Etemol {rCorr Int+2}
rPois    +         Spirit   .   n - +1 helmet (curse)
rElec    .         Reflect  .   j - +0 cloak
rCorr    +         Harm     .   y - +0 pair of gloves (curse)
MR       .....                  K - +0 pair of boots of the Illusory Tales {Str+7} (curse)
Stlth    +++.......             (no amulet)
HPRegen  0.23/turn              v - +2 ring of dexterity
MPRegen  0.18/turn              S - ring of Obbet {rPois Int+3 Dex+2 Stlth-}

@: paralysed, icy armour, slow
A: distributed training, fangs 1, strong nose
a: Curse Item, Scrying, Renounce Religion


You were on level 2 of the Orcish Mines.
You worshipped Ashenzari.
Ashenzari was pleased with you.
You were not hungry.

You visited 3 branches of the dungeon, and saw 12 of its levels.
You also visited: Sewer.

You collected 1240 gold pieces.
You spent 189 gold pieces at shops.

Inventory:

Hand Weapons
 a - a +3 dagger (weapon)
 b - a +0 short sword of venom
 q - a +0 blowgun
 X - a +1 scimitar of flaming
Missiles
 t - 106 poisoned needles
 x - 7 curare-tipped needles
 A - 290 stones (quivered)
 Z - 8 needles of sleeping
Armour
 j - a +0 cloak (worn)
 n - a cursed +1 helmet (worn)
 y - a cursed +0 pair of gloves (worn)
 C - a +0 buckler (worn)
 K - the cursed +0 pair of boots of the Illusory Tales (worn) {Str+7}
   (You found it on level 7 of the Dungeon)

   It affects your strength (+7).
   It has a curse placed upon it.
 R - the +0 leather armour of Etemol (worn) {rCorr Int+2}
   (You bought it in a shop on level 8 of the Dungeon)

   It affects your intelligence (+2).
   It protects you from acid and corrosion.
Jewellery
 o - an uncursed ring of positive energy
 v - a +2 ring of dexterity (left hand)
 S - the ring of Obbet (right hand) {rPois Int+3 Dex+2 Stlth-}
   (You found it on level 8 of the Dungeon)

   [ring of loudness]

   It affects your intelligence (+3).
   It affects your dexterity (+2).
   It protects you from poison.
   It makes you less stealthy.
 Y - an uncursed ring of resist corrosion
Wands
 F - a wand of polymorph (3/24)
 H - a wand of enslavement (24/24)
 J - a wand of flame (9/48)
 O - a wand of lightning (13/15)
 P - a wand of random effects (22/48)
 T - a wand of flame (19/48)
Scrolls
 g - a scroll of enchant armour {!r}
 h - 7 scrolls of identify {!r}
 u - 5 scrolls of teleportation {!r}
 E - 2 scrolls of remove curse {!r}
 I - a scroll of magic mapping {!r}
Potions
 c - a potion of cancellation {!q, unknown}
 f - 13 potions of curing {!q}
 i - 3 potions of agility {!q}
 l - a potion of brilliance {!q, unknown}
 m - 3 potions of haste {!q, unknown}
 r - 8 potions of heal wounds {!q, unknown}
 z - 4 potions of flight {!q, unknown}
 B - 3 potions of might {!q, unknown}
 G - 2 potions of degeneration {!q, unknown}
 N - 2 potions of ambrosia {!q, unknown}
 Q - 3 potions of mutation {!q, unknown}
Books
 e - a book of Geomancy

   Spells                             Type                      Level
   a - Sandblast                      Earth                        1
   b - Passwall                       Transmutation/Earth          2
   c - Stone Arrow                    Conjuration/Earth            3
   d - Petrify                        Transmutation/Earth          4
   e - Lee's Rapid Deconstruction     Earth                        5
 M - a book of Frost

   Spells                             Type                      Level
   a - Freeze                         Ice                          1
   b - Throw Frost                    Conjuration/Ice              2
   c - Ozocubu's Armour               Charms/Ice                   3
   d - Throw Icicle                   Conjuration/Ice              4
   e - Summon Ice Beast               Ice/Summoning                4
Comestibles
 d - 13 bread rations
 k - 3 chunks of flesh
 U - a royal jelly


   Skills:
 + Level 6.7 Fighting
 + Level 6.7 Short Blades
 + Level 6.7 Long Blades
 + Level 6.7 Axes
 + Level 6.7 Maces & Flails
 + Level 6.7 Polearms
 + Level 6.7 Staves
 + Level 6.7 Slings
 + Level 6.7 Bows
 + Level 6.7 Crossbows
 + Level 6.7 Throwing
 + Level 6.7 Armour
 + Level 8.2(9.7) Dodging
 + Level 8.0(9.5) Stealth
 + Level 6.7 Shields
 + Level 6.7 Unarmed Combat
 + Level 8.4 Spellcasting
 + Level 6.7 Conjurations
 + Level 6.7 Hexes
 + Level 6.7 Charms
 + Level 6.7 Summonings
 + Level 6.7 Necromancy
 + Level 6.7 Translocations
 + Level 7.2 Transmutations
 + Level 6.7 Fire Magic
 + Level 6.7 Ice Magic
 + Level 6.7 Air Magic
 + Level 9.4 Earth Magic
 + Level 6.7 Poison Magic
 + Level 6.7 Invocations
 + Level 6.7 Evocations


You had 7 spell levels left.
You knew the following spells:

 Your Spells              Type           Power        Failure   Level  Hunger
b - Passwall              Tmut/Erth      ######....   1%          2    None
d - Lee's Rapid Deconstr  Erth           ######....   3%          5    ####...
e - Petrify               Tmut/Erth      ######..     1%          4    ##.....
q - Sandblast             Erth           ######       1%          1    None
s - Summon Ice Beast      Ice/Summ       #####...     4%          4    ##.....
w - Ozocubu's Armour      Chrm/Ice       #####...     1%          3    None


Dungeon Overview and Level Annotations

Branches:
Dungeon (9/15)             Temple (1/1) D:5            Lair (0/6) D:8
    Orc (2/2) D:9
    Elf: Orc:2

Altars:
Ashenzari
Cheibriados
Dithmenos
Elyvilon
Fedhas
Gozag
Hepliaklqana
Kikubaaqudgha
Makhleb
Nemelex Xobeh
Okawaru
Qazlal
Ru
Sif Muna
Trog
Uskayaw
Vehumet
Wu Jian
Xom
Yredelemnul
Zin
The Shining One

Shops:
D:6 :   D:8 [


Innate Abilities, Weirdness & Mutations

Your experience applies equally to all skills.
You have very sharp teeth.
Your uncanny sense of smell can sniff out nearby items.


Message History

Press: ? - help, Shift-Dir - straight line, f - orc wizard
Aim: an orc wizard, wielding a dagger and wearing a robe (unusually strong, chance to defeat MR: 73%)
The orc wizard is moving more slowly.
You are feeling hungry.
The orc wizard closely misses you.
You catch the helpless orc wizard completely off-guard!
You impale the orc wizard!!
You kill the orc wizard!
Items here: $ ) [ † an uncursed dagger; an uncursed robe; 20 gold pieces; an orc corpse You butcher the orc corpse.
Items here: $ % ) [ ÷ an uncursed dagger; an uncursed robe; 20 gold pieces; 3 chunks of flesh an orc skeleton You start resting.
Magic restored.
You start resting.
Autopickup is now on.
You start resting.
Eating one of 5 chunks of flesh.
You eat one of the 5 chunks of flesh.
This raw flesh tastes terrible.
HP restored.
You now have 1051 gold pieces (gained 20).
k - 7 chunks of flesh (gained 3)
Things that are here:
an uncursed dagger; an uncursed robe; an orc skeleton Done exploring.
You start resting.
Some of the chunks of flesh in your inventory have rotted away.
HP restored.
You see here a cursed enchanted mace.
There is a stone staircase leading down, spattered with blood here.
Casting: Petrify
Confirm with . or Enter, or press ? or * to list all spells.
A film of ice covers your body!
You climb downwards.
An orc comes into view.
The orc shouts!
The orc warlord closely misses you. The orc warrior misses you.
There is a stone staircase leading up, spattered with blood here.
The orc warrior hits you with a flail.
The orc sorcerer gestures at you while chanting.
You suddenly lose the ability to move!
The ogre hits you with a giant club.
The orc warlord hits you with a dire flail of protection!!
The orc knight roars a battlecry!
The orcs go into a battle-frenzy!
The orc warrior hits you but does no damage.
The orc sorcerer gestures wildly while chanting.
The orc warrior hits you but does no damage.
The ogre hits you with a giant club.
The orc warlord hits you but does no damage.
The orc warrior hits you with a mace.
* * * LOW HITPOINT WARNING * * *
The orc hits you but does no damage.
The orc warrior hits you but does no damage.
The orc warlord roars a battlecry!
The orc knight goes into a battle-frenzy!
The ogre hits you but does no damage.
The orc warrior hits you but does no damage.
The orc warrior hits you with a mace!!
* * * LOW HITPOINT WARNING * * *
The troll bites you but does no damage.
The troll claws you but does no damage. x2
The orc warlord hits you with a dire flail of protection!!!
Ouch! That really hurt!
You die...

* ,,, ,
,..............P
..#..............
...#............. *
.................,
#................ ,
.#...............
..........O..#..#.#.
.......o$@oo.........
o...)..3Too..........
*
,.......oooooo....{...
*
...$.....oo.o........
.##........o.o.......
, ,
#.................. ,
#.........$<........ *
#..........[.........
*
.......#.....#..(.$..


You could see an orc warlord, an orc knight, a sun demon, a troll, an orc
sorcerer, 5 orc warriors, an ogre, 3 orc wizards and 5 orcs.

Vanquished Creatures
  An orc warlord (Orc:1)
  The ghost of Nico3ck the Thaumaturge, a journeyman GnWz of Okawaru (Orc:1)
  Erica (D:9)
  A two-headed ogre (D:7)
  An orc high priest (Orc:1)
  The ghost of tidbits the Charmwright, a novice GnSk of Cheibriados (D:8)
  An unseen horror (D:9)
  2 orc knights
  An ugly thing (D:6)
  4 trolls (Orc:1)
  A hippogriff (D:7)
  A wyvern (D:8)
  A spriggan (D:7)
  An ice beast (D:3)
  17 orc warriors
  A sky beast (D:9)
  A hornet zombie (D:6)
  2 necrophages
  7 ogres
  2 centaurs
  4 big kobolds
  2 bullfrogs (D:8)
  A gnoll sergeant (D:8)
  A scorpion (D:4)
  3 killer bees (D:7)
  An electric eel (D:8)
  A crimson imp (D:6)
  A bullfrog zombie (D:5)
  A quasit (D:9)
  2 bullfrog skeletons (D:7)
  A centaur zombie (D:7)
  Crazy Yiuf (D:3)
  11 hounds
  2 jellies
  9 orc priests
  3 iguanas
  3 centaur skeletons
  14 orc wizards
  4 worker ants
  A hound zombie (D:7)
  A hound skeleton (D:5)
  A worker ant zombie (D:5)
  Robin (D:3)
  A howler monkey zombie (D:6)
  10 adders
  2 river rats (Sewer)
  3 shadow imps
  An ooze (D:1)
  An adder skeleton (D:5)
  A worm (D:4)
  3 dart slugs
  6 leopard geckos
  51 orcs
  9 bats
  5 giant cockroaches
  21 goblins
  10 hobgoblins
  9 jackals
  2 quokkas (D:5)
  7 ball pythons
  10 frilled lizards
  36 kobolds
  A leopard gecko zombie (D:6)
  A quokka skeleton (D:4)
  30 rats
337 creatures vanquished.

Vanquished Creatures (collateral kills)
  A two-headed ogre (D:8)
  A hound skeleton (D:8)
2 creatures vanquished.

Grand Total: 339 creatures vanquished

Notes
Turn   | Place    | Note
-------+----------+-------------------------------------------
     0 | D:1      | Amnesiac the Gnoll Earth Elementalist began the quest for the Orb.
     0 | D:1      | Reached XP level 1. HP: 13/13 MP: 6/6
    88 | D:1      | Reached XP level 2. HP: 12/19 MP: 7/7
    92 | D:1      | Learned a level 2 spell: Passwall
   180 | D:3      | Found a runed door.
   250 | D:3      | Noticed Crazy Yiuf
   255 | D:3      | Killed Crazy Yiuf
   255 | D:3      | Reached skill level 5 in Spellcasting
   255 | D:3      | Reached XP level 3. HP: 25/25 MP: 6/9
   333 | D:3      | Noticed an ice beast
   344 | D:3      | Killed an ice beast
   344 | D:3      | Reached skill level 1 in Fighting
   344 | D:3      | Reached skill level 1 in Short Blades
   344 | D:3      | Reached skill level 1 in Long Blades
   344 | D:3      | Reached skill level 1 in Axes
   344 | D:3      | Reached skill level 1 in Maces & Flails
   344 | D:3      | Reached skill level 1 in Polearms
   344 | D:3      | Reached skill level 1 in Staves
   344 | D:3      | Reached skill level 1 in Slings
   344 | D:3      | Reached skill level 1 in Bows
   344 | D:3      | Reached skill level 1 in Crossbows
   344 | D:3      | Reached skill level 1 in Throwing
   344 | D:3      | Reached skill level 1 in Armour
   344 | D:3      | Reached skill level 1 in Shields
   344 | D:3      | Reached skill level 1 in Unarmed Combat
   344 | D:3      | Reached skill level 1 in Conjurations
   344 | D:3      | Reached skill level 1 in Hexes
   344 | D:3      | Reached skill level 1 in Charms
   344 | D:3      | Reached skill level 1 in Summonings
   344 | D:3      | Reached skill level 1 in Necromancy
   344 | D:3      | Reached skill level 1 in Translocations
   344 | D:3      | Reached skill level 1 in Fire Magic
   344 | D:3      | Reached skill level 1 in Ice Magic
   344 | D:3      | Reached skill level 1 in Air Magic
   344 | D:3      | Reached skill level 1 in Poison Magic
   344 | D:3      | Reached skill level 1 in Invocations
   344 | D:3      | Reached skill level 1 in Evocations
   344 | D:3      | Reached XP level 4. HP: 4/32 MP: 3/11
   344 | D:3      | Reached XP level 5. HP: 5/37 MP: 3/12
   350 | D:3      | Learned a level 4 spell: Petrify
   356 | D:3      | Learned a level 5 spell: Lee's Rapid Deconstruction
   445 | D:3      | Noticed Robin
   457 | D:3      | Killed Robin
   670 | D:4      | Noticed an ogre
   677 | D:4      | Killed an ogre
   677 | D:4      | Reached XP level 6. HP: 44/44 MP: 8/13
   808 | D:4      | Reached skill level 5 in Dodging
   890 | D:5      | Entered Level 5 of the Dungeon
   901 | D:4      | Reached XP level 7. HP: 50/50 MP: 6/15
   915 | D:4      | Found a blossoming altar of Fedhas.
  1103 | D:5      | Found a hazy altar of Hepliaklqana.
  1104 | D:5      | Reached skill level 7 in Earth Magic
  1179 | D:5      | Found a burning altar of Makhleb.
  1353 | D:5      | Found a staircase to the Ecumenical Temple.
  1364 | Temple   | Entered the Ecumenical Temple
  1630 | Temple   | Became a worshipper of Ashenzari the Shackled
  1690 | D:5      | Found a glowing drain.
  1691 | Sewer    | Entered a sewer
  2421 | Sewer    | Reached skill level 5 in Stealth
  2862 | D:5      | Reached XP level 8. HP: 51/57 MP: 7/16
  4214 | D:2      | Reached * piety under Ashenzari
  4934 | D:3      | Found a snail-covered altar of Cheibriados.
  5247 | D:3      | You fall through a shaft for 3 floors!
  5255 | D:6      | Found a deep blue altar of Sif Muna.
  5280 | D:6      | Found a radiant altar of Vehumet.
  5298 | D:6      | Found a glowing silver altar of Zin.
  5474 | D:6      | Noticed a white ugly thing
  5495 | D:6      | Killed a white ugly thing
  5560 | D:6      | Found Qofuwal's Book Emporium.
  5579 | D:6      | Reached XP level 9. HP: 58/65 MP: 18/18
  6262 | D:7      | Learned a level 3 spell: Ozocubu's Armour
  6520 | D:7      | Reached skill level 5 in Transmutations
  6569 | D:7      | Got the cursed pair of boots of the Illusory Tales {Str+7}
  6591 | D:7      | Identified the cursed +0 pair of boots of the Illusory Tales {Str+7} (You found it on level 7 of the Dungeon)
  6677 | D:7      | Found an iron altar of Okawaru.
  6811 | D:7      | Reached skill level 8 in Earth Magic
  7116 | D:8      | Found a staircase to the Lair.
  7186 | D:8      | Noticed tidbits's ghost (novice GnSk)
  7186 | D:8      | Noticed an orc knight
  7223 | D:8      | Killed an orc knight
  7223 | D:8      | Reached XP level 10. HP: 65/73 MP: 5/20
  7421 | D:8      | Reached ** piety under Ashenzari
  7421 | D:8      | Noticed a two-headed ogre
  7425 | D:8      | Noticed a two-headed ogre
  7537 | D:7      | HP: 3/73 [two-headed ogre/giant club (22)]
  7619 | D:6      | Learned a level 4 spell: Summon Ice Beast
  7861 | D:8      | Found Diulip's Antique Armour Shoppe.
  8499 | D:8      | Reached skill level 5 in Fighting
  8499 | D:8      | Reached skill level 5 in Short Blades
  8499 | D:8      | Reached skill level 5 in Long Blades
  8499 | D:8      | Reached skill level 5 in Axes
  8499 | D:8      | Reached skill level 5 in Maces & Flails
  8499 | D:8      | Reached skill level 5 in Polearms
  8499 | D:8      | Reached skill level 5 in Staves
  8499 | D:8      | Reached skill level 5 in Slings
  8499 | D:8      | Reached skill level 5 in Bows
  8499 | D:8      | Reached skill level 5 in Crossbows
  8499 | D:8      | Reached skill level 5 in Throwing
  8499 | D:8      | Reached skill level 5 in Armour
  8499 | D:8      | Reached skill level 5 in Shields
  8499 | D:8      | Reached skill level 5 in Unarmed Combat
  8499 | D:8      | Reached skill level 5 in Conjurations
  8499 | D:8      | Reached skill level 5 in Hexes
  8499 | D:8      | Reached skill level 5 in Charms
  8499 | D:8      | Reached skill level 5 in Summonings
  8499 | D:8      | Reached skill level 5 in Necromancy
  8499 | D:8      | Reached skill level 5 in Translocations
  8499 | D:8      | Reached skill level 5 in Fire Magic
  8499 | D:8      | Reached skill level 5 in Ice Magic
  8499 | D:8      | Reached skill level 5 in Air Magic
  8499 | D:8      | Reached skill level 5 in Poison Magic
  8499 | D:8      | Reached skill level 5 in Invocations
  8499 | D:8      | Reached skill level 5 in Evocations
  8559 | D:8      | Identified the ring of Obbet {rPois Int+3 Dex+2 Stlth-}
  8559 | D:8      | Bought a faintly humming leather armour for 189 gold pieces
  8578 | D:8      | Identified the +0 leather armour of Etemol {rCorr Int+2} (You bought it in a shop on level 8 of the Dungeon)
  8644 | D:8      | Killed a two-headed ogre
  8765 | D:8      | Killed tidbits's ghost
  9359 | D:9      | Noticed Erica
  9408 | D:9      | Found a staircase to the Orcish Mines.
  9441 | D:9      | Killed Erica
  9850 | D:7      | Killed a two-headed ogre
  9850 | D:7      | Reached XP level 11. HP: 81/81 MP: 14/22
 10100 | D:9      | Killed an unseen horror
 10104 | D:9      | Found a radiant altar of Vehumet.
 10251 | D:9      | Reached skill level 9 in Earth Magic
 10446 | D:9      | Found an ornate altar of the Wu Jian Council.
 10539 | Orc:1    | Entered Level 1 of the Orcish Mines
 11061 | Orc:2    | Entered Level 2 of the Orcish Mines
 11200 | Orc:2    | Noticed an orc warlord
 11202 | Orc:2    | Noticed an orc sorcerer
 11587 | Orc:1    | Killed an orc warlord
 11610 | Orc:2    | Noticed an orc knight
 11638 | D:9      | Killed an orc knight
 11908 | Orc:2    | Noticed an orc warlord
 11908 | Orc:2    | Noticed an orc high priest
 11911 | Orc:2    | Noticed a sun demon
 11911 | Orc:2    | Noticed a sixfirhy
 11911 | Orc:2    | Noticed a sixfirhy
 12026 | Orc:1    | Noticed Nico3ck's ghost (journeyman GnWz)
 12054 | Orc:1    | Killed Nico3ck's ghost
 12328 | Orc:2    | Noticed an orc knight
 12564 | Orc:1    | Killed an orc high priest
 13068 | Orc:2    | Paralysed by an orc sorcerer for 7 turns
 13070 | Orc:2    | Noticed a sun demon
 13072 | Orc:2    | Annihilated by an orc warlord

Vault maps used:
D:1:      ncdulo_smallfort, st_stairs_1, minmay_strange_pillars, minmay_tall_x
D:3:      cheibriados_altar_1, uniq_robin, uniq_crazy_yiuf_cottage
D:4:      lemuel_doored_altar, first_bread
D:5:      nicolae_overflow_crystal_walls, minmay_temple_entry_glassed_door,
          gup_sewer_entry_spiral, makhleb_blood_cavern_becter
D:6:      zin_academy, nicolae_overflow_hidden_temple, serial_shops, shop,
          hangedman_decor_lopped, vehumet_altar_wand_db
D:7:      okawaru_ov_weapons_minmay, the_bakery
D:8:      cheibrodos_fzero, lair_entry_dummy, serial_shops, shop, minivault_14
D:9:      lemuel_coloured_pillars_altar, lemuel_crystal_altar, david_orc_4,
          amethyst_killhole, uniq_erica
Temple:   minmay_temple_curvy_branch
Orc:1:    nicolae_orc_rich_vein
Orc:2:    grunt_orc_gardens, grunt_orc_garden, grunt_orc_garden,
          grunt_orc_garden, grunt_orc_garden, uniq_saint_roka
Sewer:    sewer_minmay_treatment

Skill      XL: |  1  2  3  4  5  6  7  8  9 10 11 |
---------------+----------------------------------+-----
Spellcasting   | 5 6 7 8 |  8.4
Fighting       | 1 2 3 4 5 6 |  6.7
Short Blades   | 1 2 3 4 5 6 |  6.7
Long Blades    | 1 2 3 4 5 6 |  6.7
Axes           | 1 2 3 4 5 6 |  6.7
Maces & Flails | 1 2 3 4 5 6 |  6.7
Polearms       | 1 2 3 4 5 6 |  6.7
Staves         | 1 2 3 4 5 6 |  6.7
Slings         | 1 2 3 4 5 6 |  6.7
Bows           | 1 2 3 4 5 6 |  6.7
Crossbows      | 1 2 3 4 5 6 |  6.7
Throwing       | 1 2 3 4 5 6 |  6.7
Armour         | 1 2 3 4 5 6 |  6.7
Shields        | 1 2 3 4 5 6 |  6.7
Unarmed Combat | 1 2 3 4 5 6 |  6.7
Conjurations   | 1 2 3 4 5 6 |  6.7
Hexes          | 1 2 3 4 5 6 |  6.7
Charms         | 1 2 3 4 5 6 |  6.7
Summonings     | 1 2 3 4 5 6 |  6.7
Necromancy     | 1 2 3 4 5 6 |  6.7
Translocations | 1 2 3 4 5 6 |  6.7
Fire Magic     | 1 2 3 4 5 6 |  6.7
Ice Magic      | 1 2 3 4 5 6 |  6.7
Air Magic      | 1 2 3 4 5 6 |  6.7
Poison Magic   | 1 2 3 4 5 6 |  6.7
Invocations    | 1 2 3 4 5 6 |  6.7
Evocations     | 1 2 3 4 5 6 |  6.7
Transmutations | 3 4 5 6 7 |  7.2
Dodging        | 5 6 7 8 |  8.2
Earth Magic    | 7 8 9 |  9.4
Stealth        | 5 6 7 8 |  8.0

Action                   |  1- 3 |  4- 6 |  7- 9 | 10-12 || total
-------------------------+-------+-------+-------+-------++-------
Melee: Club              |    12 |       |       |       ||    12
       Dagger            |    16 |    20 |   563 |   317 ||   916
       Bite              |     1 |     2 |    62 |    50 ||   115
       Punch             |       |       |     2 |       ||     2
       Short sword       |       |       |     1 |       ||     1
 Cast: Sandblast         |     5 |    28 |    43 |    17 ||    93
       Passwall          |     1 |     3 |    37 |    14 ||    55
       Petrify           |       |     6 |    40 |    71 ||   117
       Lee's Rapid Decon |       |       |    10 |    20 ||    30
       Summon Ice Beast  |       |       |       |    12 ||    12
       Ozocubu's Armour  |       |       |       |     3 ||     3
Invok: Curse Item        |       |       |     2 |       ||     2
  Use: Potion            |       |       |     1 |       ||     1
       Scroll            |       |       |     1 |    10 ||    11
 Stab: Sleeping          |     5 |     5 |    43 |     6 ||    59
       Petrified         |       |     6 |    34 |    34 ||    74
       Petrifying        |       |     2 |     6 |     7 ||    15
       Distracted        |       |       |     1 |     3 ||     4
  Eat: Chunk             |       |     1 |    26 |    20 ||    47
       Royal jelly       |       |       |     1 |     1 ||     2
       Fruit             |       |       |     1 |     3 ||     4
       Bread ration      |       |       |       |     1 ||     1
Armor: Robe              |     6 |     4 |   110 |    12 ||   132
       Leather armour    |       |       |       |    51 ||    51
Dodge: Dodged            |    19 |    18 |   422 |   226 ||   685
Block: Buckler           |       |       |    71 |    92 ||   163

Table legend:
 A = Spawn XP
 B = Non-spawn XP
 C = Spawn XP percentage of total XP
 D = Spawn monster count
 E = Non-spawn monster count
 F = Spawn count percentage of total count
 G = Total turns spent on level
                    A         B        C        D         E        F      G
               +---------+---------+-------+---------+---------+-------+---------
         Total |       0 |   18206 |   0.0 |       0 |     339 |   0.0 | 13072
               +---------+---------+-------+---------+---------+-------+---------
           D:1 |       0 |      52 |   0.0 |       0 |      29 |   0.0 |   769
           D:2 |       0 |      53 |   0.0 |       0 |      23 |   0.0 |   710
           D:3 |       0 |     258 |   0.0 |       0 |      28 |   0.0 |   932
           D:4 |       0 |     465 |   0.0 |       0 |      18 |   0.0 |   553
           D:5 |       0 |     580 |   0.0 |       0 |      32 |   0.0 |  1026
           D:6 |       0 |     866 |   0.0 |       0 |      13 |   0.0 |   877
           D:7 |       0 |    2284 |   0.0 |       0 |      23 |   0.0 |  1745
           D:8 |       0 |    3233 |   0.0 |       0 |      36 |   0.0 |  1537
           D:9 |       0 |    3797 |   0.0 |       0 |      32 |   0.0 |  1579
         Orc:1 |       0 |    6362 |   0.0 |       0 |      54 |   0.0 |  2007
         Orc:2 |       0 |      47 |   0.0 |       0 |       3 |   0.0 |    52
         Sewer |       0 |     209 |   0.0 |       0 |      48 |   0.0 |   994
               +---------+---------+-------+---------+---------+-------+---------
